 Dungeon Crawl Stone Soup version 0.21.1-1-g345015f (webtiles) character file.

86 Undead575 the Caller (level 4, 0/22 (24) HPs)
             Began as a Deep Elf Summoner on June 8, 2018.
             Killed by miscasting Summon Ice Beast (21 damage)
             ... on level 2 of the Dungeon.
             The game lasted 00:25:38 (2237 turns).

Undead575 the Caller (Deep Elf Summoner)            Turns: 2237, Time: 00:25:38

HP:   0/22 (24)     AC: 12    Str:  2 (5)  XL:     4   Next: 27%
MP:   7/11          EV: -14   Int: 20 (21) God:
Gold: 143           SH:  0    Dex: 14 (15) Spells: 5/10 levels left

rFire    . . .     SeeInvis .   n - +1 short sword
rCold    . . .     Gourm    .   (no shield)
rNeg     . . .     Faith    .   r - +0 plate armour
rPois    .         Spirit   .   (no helmet)
rElec    .         Reflect  .   (no cloak)
rCorr    .         Harm     .   k - +0 pair of gloves
MR       .....                  e - +0 pair of boots
Stlth    ..........             (no amulet)
HPRegen  0.07/turn              m - ring of wizardry
MPRegen  0.12/turn              (no ring)

@: very slightly contaminated
A: no striking features
a: no special abilities


You were on level 2 of the Dungeon.
You were not hungry.

You visited 1 branch of the dungeon, and saw 2 of its levels.

You collected 143 gold pieces.

Inventory:

Hand Weapons
 f - a +0 whip
 h - a +0 hunting sling
 n - a +1 short sword (weapon)
Missiles
 g - 79 arrows
 i - 4 stones (quivered)
 l - 8 poisoned needles
Armour
 a - a +0 robe
 e - a +0 pair of boots (worn)
 j - a +0 robe
 k - a +0 pair of gloves (worn)
 p - a +0 leather armour
 r - a +0 plate armour (worn)
Jewellery
 m - a ring of wizardry (left hand)
Scrolls
 o - a scroll of remove curse
 q - 2 scrolls of enchant weapon
Potions
 d - a potion of lignification
Books
 b - a book of Callings

   Spells                             Type                      Level
   a - Summon Small Mammal            Summoning                    1
   b - Call Imp                       Summoning                    2
   c - Call Canine Familiar           Summoning                    3
   d - Summon Guardian Golem          Hexes/Summoning              3
   e - Summon Lightning Spire         Summoning/Air                4
   f - Summon Ice Beast               Ice/Summoning                4
Comestibles
 c - 2 rations


   Skills:
 - Level 0.1 Fighting
 - Level 1.0 Short Blades
 - Level 0.2 Maces & Flails
 + Level 2.7 Dodging
 + Level 3.3 Stealth
 + Level 3.8 Spellcasting
 + Level 5.2 Summonings


You had 5 spell levels left.
You knew the following spells:

 Your Spells              Type           Power        Failure   Level  Hunger
a - Summon Small Mammal   Summ           ###.         100%        1    None
b - Summon Ice Beast      Ice/Summ       ##......     100%        4    ####...


Dungeon Overview and Level Annotations

Branches:
Dungeon (2/15)

Altars:
Fedhas
Nemelex Xobeh
Qazlal


Message History

You eat one of the 3 rations.
That ration really hit the spot!
There is a stone staircase leading down here.
You see here a club.
Found 18 poisoned needles.
There is a large open door here.
An adder, a hobgoblin and a kobold come into view.
The adder hisses angrily.
The hobgoblin shouts!
The kobold shouts!
You hear a shout! x4
The kobold throws a stone.
The stone hits you.
A ball python comes into view.
You see here a stone.
Okay, then.
Casting: Summon Ice Beast
Confirm with . or Enter, or press ? or * to list all spells.
The spell is very dangerous to cast!
Continue anyway?
You miscast Summon Ice Beast.
You are very lightly contaminated with residual magic.
You are encased in ice!
Ouch! That really hurt!
You die...

#.P.P..# .# ### .......#
.. #...... ....#.## #.
##.(..... ..≈..§#
####........ #^._#§#
##......... #^≈.######
###..........
##....<..###.#..........
####.##.....#.......#..
#.....##.'..@....S## ###
####.....'........##
..#######....#.......#g.
#.##....)..###.........K
#....####### #..........
###...#########........S
.##.#.........##........
.........########.......
..######...## #.....


You could see an adder, a hobgoblin, a ball python (wandering) and a kobold.

Vanquished Creatures
  2 oozes (D:1)
  A dart slug (D:1)
  A ball python (D:2)
  A giant cockroach (D:2)
  A bat (D:1)
  A frilled lizard (D:1)
  3 kobolds
  A rat (D:1)
11 creatures vanquished.

Vanquished Creatures (collateral kills)
  A necrophage (D:2)
  2 worms (D:2)
  A leopard gecko (D:2)
  2 giant cockroaches (D:1)
  A goblin (D:1)
  A hobgoblin (D:2)
  A ball python (D:2)
  4 bats
  2 frilled lizards
  4 kobolds
  3 rats (D:1)
22 creatures vanquished.

Grand Total: 33 creatures vanquished

Notes
Turn   | Place    | Note
-------+----------+-------------------------------------------
     0 | D:1      | Undead575 the Deep Elf Summoner began the quest for the Orb.
     0 | D:1      | Reached XP level 1. HP: 10/10 MP: 6/6
   512 | D:1      | Reached XP level 2. HP: 12/15 MP: 5/8
  1209 | D:2      | Noticed a necrophage
  1231 | D:2      | Killed a necrophage
  1231 | D:2      | Reached skill level 1 in Short Blades
  1231 | D:2      | Reached skill level 5 in Summonings
  1231 | D:2      | Reached XP level 3. HP: 3/17 MP: 7/10
  1231 | D:2      | Reached XP level 4. HP: 5/22 MP: 7/11
  1742 | D:2      | Found a sparkling altar of Nemelex Xobeh.
  1853 | D:2      | Learned a level 4 spell: Summon Ice Beast
  2004 | D:2      | Found a blossoming altar of Fedhas.
  2004 | D:2      | Found a stormy altar of Qazlal.
  2237 | D:2      | Killed by miscasting Summon Ice Beast

Skill      XL: |  1  2 |
---------------+-------+-----
Stealth        | 3 |  3.3
Short Blades   | 1 |  1.0
Summonings     | 5 |  5.2
Fighting       | |  0.1
Maces & Flails | |  0.2
Dodging        | |  2.7
Spellcasting   | |  3.8

Action                   |  1- 3 |  4- 6 || total
-------------------------+-------+-------++-------
Melee: Unarmed           |    36 |       ||    36
       Short sword       |    15 |    36 ||    51
       Whip              |    11 |       ||    11
 Cast: Summon Small Mamm |    28 |    26 ||    54
       Summon Ice Beast  |       |     3 ||     3
  Use: Potion            |     3 |       ||     3
       Scroll            |     2 |     2 ||     4
 Stab: Sleeping          |     3 |       ||     3
       Distracted        |     1 |       ||     1
  Eat: Chunk             |     1 |     3 ||     4
       Ration            |       |     1 ||     1
Armor: Robe              |    17 |    12 ||    29
       Plate armour      |       |     7 ||     7
Dodge: Dodged            |    65 |    28 ||    93
